 Dungeon Sprint DCSS version 0.30.1-11-g7821555f0a (webtiles) character file.

Game seed: 8947713092039481190

5 Heoruswealwe the Covered (level 1, -5/20 HPs)
             Began as a Minotaur Fighter on Nov 5, 2023.
             Splashed by a jelly's acid (9 damage)
             ... in the Dungeon (Sprint IX: "|||||||||||||||||||||||||||||").
             The game lasted 00:00:18 (28 turns).

Heoruswealwe the Covered (Minotaur Fighter)           Turns: 28, Time: 00:00:19

Health: -5/20      AC:  3    Str: 20    XL:     1   Next: 66%
Magic:  0/0        EV:  9    Int:  5    God:
Gold:   0          SH:  4    Dex:  9    Spells: 0/0 levels left

rFire   . . .        a - +0 trident
rCold   . . .        d - +0 buckler
rNeg    . . .        c - +0 scale mail
rPois   .            (helmet restricted)
rElec   .            (no cloak)
rCorr   .            (no gloves)
SInv    .            (no boots)
Will    .....        (no amulet) Stlth
                     (no ring)
HPRegen 0.23/turn    (no ring)
MPRegen 0.07/turn

%: no teleportation
@: corroded
A: horns 2, retaliatory headbutt
a: no special abilities


You were in the Dungeon.
You visited 1 branch

Inventory:

Hand Weapons
 a - a +0 trident (weapon)
Armour
 c - a +0 scale mail (worn)
 d - a +0 buckler (worn)
Scrolls
 j - a scroll of blinking
Potions
 b - a potion of might
 e - a potion of curing
 f - a potion of heal wounds
 g - a potion of haste
 i - a potion of berserk rage


   Skills:
 + Level 4.2 Fighting
 * Level 3.8 Polearms
 + Level 4.2 Armour
 - Level 3.6 Shields


You couldn't memorise any spells.
You didn't know any spells.
Your spell library was empty.

Dungeon Overview and Level Annotations

Branches:
Dungeon (1/1)

Altars:


Innate Abilities, Weirdness & Mutations

You have a pair of horns on your head.
You reflexively headbutt those who attack you in melee.


Message History

You closely miss the bat.
The bat is heavily wounded.
The bat hits you but does no damage.
You puncture the bat!
You kill the bat!
You barely miss the frilled lizard.
The frilled lizard bites you but does no damage.
You hit the frilled lizard.
You kill the frilled lizard!
You hit the kobold.
The kobold is moderately wounded.
You block the kobold's attack.
You puncture the kobold!
You kill the kobold!
There is an open door to the Dungeon here.
Items here: )) †††.
Okay, then.
You open the door.
A jelly, an ufetubus, a scorpion, a howler monkey and an ice beast come into view.
The jelly quivers.
The howler monkey howls!
You barely miss the jelly.
The howler monkey hoots and howls with incredible vigour!
The jelly closely misses you. The jelly hits you but does no damage.
You hit the jelly.
Your hands burn!
Your headbutt misses the jelly.
The jelly is lightly wounded.
The jelly hits you but does no damage.
You puncture the jelly! The acid corrodes you!
Your hands burn!
The jelly is severely wounded.
You block the jelly's attack.
You hit the jelly.
Your hands burn!
The jelly is almost dead.
The howler monkey hoots and howls with incredible vigour!
The jelly closely misses you.
You hit the jelly but do no damage.
Your hands burn!
The jelly is almost dead.
The jelly hits you.
* * * LOW HITPOINT WARNING * * *
You are splashed with acid!
You die... ▓▓▓▓▓▓▓▓▓▓▓▓▓▓▓▓▓▓ ▓<.!.)....@J5shY.+ ▓▓▓▓▓▓▓▓▓▓▓▓▓▓▓▓▓▓

You could see an ice beast, a scorpion, a howler monkey (catching breath), a jelly and an ufetubus.

Vanquished Creatures
  A bat (D)
  An endoplasm (D)
  A goblin (D)
  A frilled lizard (D)
  A kobold (D)
5 creatures vanquished.

Notes
Turn   | Place    | Note
-------+----------+-------------------------------------------
     0 | D        | Heoruswealwe the Minotaur Fighter began the quest for the
                  | Orb.
     0 | D        | Reached XP level 1. HP: 19/19 MP: 0/0
    23 | D        | Noticed a jelly
    23 | D        | Noticed a scorpion
    23 | D        | Noticed a howler monkey
    23 | D        | Noticed an ice beast
    28 | D        | Splashed by a jelly's acid

Illustrated notes

Levels and vault maps discovered:
D:        linesprint [early_d, line_temple, items_1, d_10, items_2, lair_1,
          lair_end, items_3, orc_1, orc_end, items_4, d_15, swamp_1, shoals_1,
          snake_1, spider_1, d_20, vaults_1, items_5, swamp_end, shoals_end,
          snake_end, spider_end, vaults_end, d_27, items_6, zot_1, zot_end,
          crypt_end, forest_end, elf_end, slime_end, tomb_end, abyss_end,
          pan_hell_end]

Skill      XL: |  1 |
---------------+----+-----
Polearms       | 3 |  3.8
Fighting       | 4 |  4.2
Armour         | 4 |  4.2
Shields        | |  3.6

Action                     || total
---------------------------++-------
  Melee: Trident           ||    17
 Armour: Scale mail        ||     7
  Dodge: Dodged            ||     2
  Block: Buckler           ||     6
